 Dungeon Crawl Stone Soup version 0.29.0-7-g18a832c13a (webtiles) character file.

Game seed: 7557415392357158042

109 LunaticDancer the Vexing (level 4, -5/34 HPs)
             Began as a Gnoll Arcane Marksman on Aug 31, 2022.
             Killed from afar by Blork the orc (6 damage)
             ... with a puff of flame
             ... on level 4 of the Dungeon.
             The game lasted 00:26:25 (3614 turns).

LunaticDancer the Vexing (Gnoll Arcane Marksman)    Turns: 3614, Time: 00:26:27

Health: -5/34      AC:  5    Str: 10    XL:     4   Next: 89%
Magic:  4/8        EV: 13    Int: 12    God:
Gold:   115        SH:  0    Dex: 14    Spells: 8/9 levels left

rFire   . . .      SeeInvis .   b - +2 dagger (holy)
rCold   + . .      Faith    .   (no shield)
rNeg    . . .      Spirit   .   s - +1 leather armour "Pajoiw Sabb" {rC+}
rPois   .          Reflect  .   l - +0 helmet
rElec   .          Harm     .   (no cloak)
rCorr   .          Rampage  .   (no gloves)
Will    .....                   (no boots)
Stlth   ++........              (no amulet)
HPRegen 0.11/turn               (no ring)
MPRegen 0.11/turn               (no ring)

@: no status effects
A: fangs 1, strong nose, distributed training
a: no special abilities


You were on level 4 of the Dungeon.
You visited 1 branch of the dungeon, and saw 4 of its levels.

You collected 115 gold pieces.

Inventory:

Hand Weapons
 a - a +1 sling
 b - a +2 dagger of holy wrath (weapon)
 n - a +0 club
 t - a +1 short sword of protection
 u - a +0 trident
 v - a +0 hand axe of flaming
Missiles
 j - 5 poisoned darts
 k - 44 stones
Armour
 l - a +0 helmet (worn)
 s - the +1 leather armour "Pajoiw Sabb" (worn) {rC+}
   (You found it on level 2 of the Dungeon)

   rC:        It protects you from cold.
Scrolls
 e - a scroll of identify
 f - a scroll of poison
Potions
 c - a potion of magic
 d - a potion of berserk rage {unknown}
 g - a potion of curing {unknown}
 h - a potion of brilliance {unknown}
 i - 2 potions of flight
 m - a potion of might {unknown}
 o - 3 potions of mutation
 r - a potion of invisibility {unknown}


   Skills:
 + Level 2.8 Fighting
 + Level 1.3 Short Blades
 + Level 1.3 Long Blades
 + Level 1.3 Axes
 + Level 1.3 Maces & Flails
 + Level 1.3 Polearms
 + Level 1.3 Staves
 + Level 4.7 Ranged Weapons
 + Level 1.3 Throwing
 + Level 1.3 Armour
 + Level 4.7 Dodging
 + Level 1.3 Stealth
 + Level 1.3 Shields
 + Level 1.3 Unarmed Combat
 + Level 3.1 Spellcasting
 + Level 1.0 Conjurations
 + Level 5.5 Hexes
 + Level 1.0 Summonings
 + Level 1.0 Necromancy
 + Level 1.0 Translocations
 + Level 1.0 Transmutations
 + Level 1.0 Fire Magic
 + Level 1.0 Ice Magic
 + Level 1.0 Air Magic
 + Level 1.0 Earth Magic
 + Level 1.0 Poison Magic
 + Level 1.4 Invocations
 + Level 1.3 Evocations


You had 8 spell levels left.
You knew the following spells:

 Your Spells              Type           Power      Damage    Failure   Level
a - Slow                  Hex            60%        N/A       3%          1

Your spell library contained the following spells:

 Spells                   Type           Power      Damage    Failure   Level
 Inner Flame              Hex/Fire       9%         N/A       26%         3
 Portal Projectile        Hex/Tloc       18%        N/A       26%         3
 Cause Fear               Hex            7%         N/A       32%         4
 Gell's Gravitas          Tloc           4%         N/A       52%         3
 Lesser Beckoning         Tloc           4%         N/A       52%         3
 Teleport Other           Tloc           4%         N/A       52%         3


Dungeon Overview and Level Annotations

Branches:
Dungeon (4/15)
 Temple: D:4-7

Altars:
Zin

Shops:
D:1 (

Annotations:
D:4 Blork the orc


Innate Abilities, Weirdness & Mutations

You have very sharp teeth.
Your uncanny sense of smell can sniff out nearby items.
Your experience applies equally to all skills.


Message History

Casting: Slow (safe; 3% risk of failure)
Confirm with . or Enter, or press ? or * to list all spells.
Aiming: Slow (safe; 3% risk of failure)
Press: ? - help, Shift-Dir - straight line, f/p - Blork the orc
Aim: Blork the orc, wielding a +0 dire flail and wearing a +0 robe (severely wounded, slow, chance to affect: 54%) Blork the orc resists with significant effort.
Casting: Slow (safe; 3% risk of failure)
Confirm with . or Enter, or press ? or * to list all spells.
Aiming: Slow (safe; 3% risk of failure)
Press: ? - help, Shift-Dir - straight line, f/p - Blork the orc
Aim: Blork the orc, wielding a +0 dire flail and wearing a +0 robe (severely wounded, slow, chance to affect: 54%) Blork the orc seems to slow down.
An ufetubus comes into view.
Fire: a) +1 sling
Press: ? - help, Shift-Dir - straight line, f/p - Blork the orc
Aim: Blork the orc, wielding a +0 dire flail and wearing a +0 robe (severely wounded, slow, 64% to hit)
You shoot a sling bullet.
The sling bullet hits Blork the orc but does no damage.
Blork the orc is severely wounded.
The ufetubus attacks as you move away! The ufetubus closely misses you.
The ufetubus hits you.
* * * LOW HITPOINT WARNING * * *
Blork the orc points at you and mumbles some strange words.
The magic dart hits you.
* * * LOW HITPOINT WARNING * * *
The ufetubus attacks as you move away! The ufetubus hits you.
* * * LOW HITPOINT WARNING * * *
The ufetubus barely misses you. x3
Your +2 dagger of holy wrath softly glows with a divine radiance!
b - a +2 dagger of holy wrath (weapon)
The ufetubus closely misses you.
The ufetubus hits you but does no damage.
You hit the ufetubus but do no damage. The ufetubus hits you.
* * * LOW HITPOINT WARNING * * *
The ufetubus hits you.
* * * LOW HITPOINT WARNING * * *
Blork the orc screams, "I'll eat your brain!
And then I'll vomit it back up!"
Blork the orc casts a spell at you. The puff of flame hits you.
You die...

#.## ### #..## ###.
#.###...###....
#..##...#....###
#.#.o.....#.....
#.##............
#.###........#
#.......5....#
#.####...@.##.##### ##
##.....##.......# .
##.......#.......# #
#................# #
#.##..............# #
#. #..............#
###. #
#.#...#........###...
#.###............#...#
..# ###......>........


You could see Blork the orc (slow) and an ufetubus.

Vanquished Creatures
  A gnoll (D:1)
  2 adders (D:2)
  A worm (D:3)
  4 dart slugs
  3 orcs (D:3)
  7 endoplasms
  5 giant cockroaches
  9 goblins
  5 hobgoblins
  4 kobolds
  4 quokkas
  3 ball pythons (D:2)
  6 bats
  3 frilled lizards
  7 rats
64 creatures vanquished.

Notes
Turn   | Place    | Note
-------+----------+-------------------------------------------
     0 | D:1      | LunaticDancer the Gnoll Arcane Marksman began the quest for
                  | the Orb.
     0 | D:1      | Reached XP level 1. HP: 17/17 MP: 4/4
   234 | D:1      | Reached XP level 2. HP: 17/23 MP: 5/5
   493 | D:1      | Found a faded altar of an unknown god.
   592 | D:1      | Found Weevapp's Antique Weapon Emporium.
  1002 | D:1      | Reached XP level 3. HP: 16/28 MP: 7/7
  1364 | D:2      | Reached skill level 1 in Invocations
  1500 | D:2      | Reached skill level 1 in Short Blades
  1500 | D:2      | Reached skill level 1 in Long Blades
  1500 | D:2      | Reached skill level 1 in Axes
  1500 | D:2      | Reached skill level 1 in Maces & Flails
  1500 | D:2      | Reached skill level 1 in Polearms
  1500 | D:2      | Reached skill level 1 in Staves
  1500 | D:2      | Reached skill level 1 in Throwing
  1500 | D:2      | Reached skill level 1 in Armour
  1500 | D:2      | Reached skill level 1 in Stealth
  1500 | D:2      | Reached skill level 1 in Shields
  1500 | D:2      | Reached skill level 1 in Unarmed Combat
  1500 | D:2      | Reached skill level 1 in Evocations
  2068 | D:2      | Reached XP level 4. HP: 34/34 MP: 8/8
  2471 | D:2      | Identified the +1 leather armour "Pajoiw Sabb" {rC+}
  2760 | D:3      | Reached skill level 1 in Conjurations
  2760 | D:3      | Reached skill level 1 in Summonings
  2760 | D:3      | Reached skill level 1 in Necromancy
  2760 | D:3      | Reached skill level 1 in Translocations
  2760 | D:3      | Reached skill level 1 in Transmutations
  2760 | D:3      | Reached skill level 1 in Fire Magic
  2760 | D:3      | Reached skill level 1 in Ice Magic
  2760 | D:3      | Reached skill level 1 in Air Magic
  2760 | D:3      | Reached skill level 1 in Earth Magic
  2760 | D:3      | Reached skill level 1 in Poison Magic
  2960 | D:3      | Found a glowing silver altar of Zin.
  3551 | D:4      | Noticed Blork the orc
  3614 | D:4      | HP: 1/34 [ufetubus (2)]
  3614 | D:4      | Killed from afar by Blork the orc

Illustrated notes

Levels and vault maps discovered:
D:1:      scummos_arrival_star, layout_basic, serial_shops, nicolae_shop_stone,
          hellmonk_ecumenical_altar_defaced_shrine,
          corexii_item_surrounded_by_moat, chequers_avenue
D:2:      layout_basic, patterned_corridor
D:3:      layout_basic, zin_statuary, grunt_decor_one_mirror,
          minmay_misc_feat_rows
D:4:      layout_layer_cave, corexii_shack, uniq_blork_the_orc

Skill      XL: |  1  2  3  4 |
---------------+-------------+-----
Invocations    | 1 |  1.4
Short Blades   | 1 |  1.3
Long Blades    | 1 |  1.3
Axes           | 1 |  1.3
Maces & Flails | 1 |  1.3
Polearms       | 1 |  1.3
Staves         | 1 |  1.3
Throwing       | 1 |  1.3
Armour         | 1 |  1.3
Stealth        | 1 |  1.3
Shields        | 1 |  1.3
Unarmed Combat | 1 |  1.3
Evocations     | 1 |  1.3
Spellcasting   | 3 |  3.1
Conjurations   | 1 |  1.0
Summonings     | 1 |  1.0
Necromancy     | 1 |  1.0
Translocations | 1 |  1.0
Transmutations | 1 |  1.0
Fire Magic     | 1 |  1.0
Ice Magic      | 1 |  1.0
Air Magic      | 1 |  1.0
Earth Magic    | 1 |  1.0
Poison Magic   | 1 |  1.0
Fighting       | |  2.8
Ranged Weapons | |  4.7
Dodging        | |  4.7
Hexes          | |  5.5

Action                   |  1- 3 |  4- 6 || total
-------------------------+-------+-------++-------
Melee: Club              |    16 |       ||    16
       Bite              |     1 |     2 ||     3
       Dagger            |       |    14 ||    14
 Fire: Sling             |   122 |    76 ||   198
 Cast: Slow              |     1 |    14 ||    15
  Use: Scroll            |       |     6 ||     6
Armor: Robe              |    15 |     2 ||    17
       Leather armour    |       |     5 ||     5
Dodge: Dodged            |    42 |    18 ||    60
